 Dungeon Crawl Stone Soup version 0.21-a0-632-g1e37ce5188 (webtiles) character file.

235 4tharraofdagon the Skirmisher (level 5, -2/42 HPs)
             Began as a Mummy Enchanter on Dec 27, 2017.
             Slain by a hobgoblin (4 damage)
             ... on level 3 of the Dungeon.
             The game lasted 00:08:00 (1272 turns).

4tharraofdagon the Skirmisher (Mummy Enchanter)     Turns: 1272, Time: 00:08:01

Health: -2/42      AC:  2    Str: 12    XL:     5   Next: 76%
Magic:  5/9        EV: 13    Int: 15    God:
Gold:   27         SH:  0    Dex: 12    Spells: 1/9 levels left

rFire    x . .     SeeInvis .   a - +1 dagger
rCold    + . .     Gourm    .   (no shield)
rNeg     + + +     Faith    .   b - +0 robe
rPois    ∞         Spirit   .   (no helmet)
rElec    .         Reflect  .   (no cloak)
rCorr    .         Harm     .   (no gloves)
MR       .....                  (no boots)
Stlth    ++........             (no amulet)
HPRegen  0.14/turn              h - +1 ring of evasion
MPRegen  0.11/turn              (no ring)

@: very slightly contaminated
A: no food or potions, fire vulnerability, cold resistance 1, negative energy
resistance 3, torment resistance, unbreathing
a: no special abilities


You were on level 3 of the Dungeon.
You were not hungry.

You visited 1 branch of the dungeon, and saw 4 of its levels.

You collected 195 gold pieces.
You spent 168 gold pieces at shops.

Inventory:

Hand Weapons
 a - a +1 dagger (weapon)
 f - a +0 blowgun
Missiles
 g - 7 curare-tipped needles
Armour
 b - a +0 robe (worn)
Jewellery
 h - a +1 ring of evasion (left hand)
Wands
 l - a wand of flame (19)
Scrolls
 d - a scroll of remove curse
 e - a scroll of blinking {unknown}
 i - a scroll of noise
 j - a scroll of summoning {unknown}
 k - a scroll of teleportation {unknown}
Books
 c - a book of Maledictions

   Spells                             Type                      Level
   a - Corona                         Hexes                        1
   b - Ensorcelled Hibernation        Hexes/Ice                    2
   c - Confuse                        Hexes                        3
   d - Tukima's Dance                 Hexes                        3
   e - Dazzling Spray                 Conjuration/Hexes            3


   Skills:
 + Level 4.1 Fighting
 - Level 3.1 Short Blades
 - Level 1.5 Dodging
 - Level 2.4 Stealth
 - Level 2.6 Spellcasting
 - Level 2.6 Hexes


You had one spell level left.
You knew the following spells:

 Your Spells              Type           Power        Failure   Level  Hunger
a - Corona                Hex            ##.....      7%          1    N/A
b - Ensorcelled Hibernat  Hex/Ice        #.....       19%         2    N/A
c - Apportation           Tloc           #.....       21%         1    N/A
d - Animate Skeleton      Necr           N/A          21%         1    N/A
e - Confuse               Hex            ##......     21%         3    N/A

Dungeon Overview and Level Annotations

Branches:
Dungeon (4/15)
 Temple: D:4-7

Altars:

Shops:
D:4 %*


Innate Abilities, Weirdness & Mutations

You do not eat or drink.
Your flesh is vulnerable to fire.
You are immune to poison.
Your flesh is cold resistant. (rC+)
You are immune to negative energy. (rN+++)
You are immune to unholy pain and torment.
You can survive without breathing.


Message History

The puff of flame hits the worker ant.
You kill the worker ant!
Your Fighting skill increases to level 4!
The ooze closely misses you. The orc hits you but does no damage.
Unknown command.
Evoke which item? (* to show all) (? for menu, Esc to quit)
Aiming: Throw Flame
Press: ? - help, Shift-Dir - straight line, f - ooze
Aim: an ooze
Okay, then.
Casting: Apportation
Confirm with . or Enter, or press ? or * to list all spells.
Aiming: Ensorcelled Hibernation
Press: ? - help, Shift-Dir - straight line, f - orc
Aim: an orc, wielding a club and wearing a leather armour (chance to defeat MR: 55%)
The orc resists with significant effort.
The ooze hits you.
* * * LOW HITPOINT WARNING * * *
The hobgoblin hits you.
You die...

##.##. ##.##.# ###
##...#.#
##......##
###........####..#
..........<.....#
#..(....>###
#.............#
##Jgo..........
##@#.######.##
###. # #. # ## ..
.# #. #.# .#
##.#######. #.#
.!# #.......##.


You could see an ooze, an orc and a hobgoblin.

Vanquished Creatures
  A phantom (D:4)
  An orc priest (D:3)
  A worker ant (D:3)
  A gnoll (D:3)
  4 adders
  An ooze (D:3)
  A leopard gecko (D:1)
  7 orcs
  6 bats
  3 goblins
  2 hobgoblins (D:3)
  2 quokkas
  4 frilled lizards
  4 kobolds
  3 rats (D:1)
41 creatures vanquished.

Notes
Turn   | Place    | Note
-------+----------+-------------------------------------------
     0 | D:1      | 4tharraofdagon the Mummy Enchanter began the quest for the Orb.
     0 | D:1      | Reached XP level 1. HP: 13/13 MP: 4/4
    47 | D:1      | Reached skill level 1 in Short Blades
   144 | D:1      | Reached XP level 2. HP: 14/19 MP: 5/5
   158 | D:1      | Learned a level 2 spell: Ensorcelled Hibernation
   415 | D:2      | Reached XP level 3. HP: 20/24 MP: 0/7
   574 | D:3      | Reached XP level 4. HP: 22/31 MP: 1/8
   580 | D:3      | Learned a level 1 spell: Apportation
   582 | D:3      | Learned a level 1 spell: Animate Skeleton
   647 | D:3      | Reached skill level 1 in Fighting
   822 | D:3      | Learned a level 3 spell: Confuse
   861 | D:3      | HP: 1/33 [orc/war axe (9)]
  1067 | D:4      | Found Tediphu's Food Shoppe.
  1102 | D:4      | Found Gasmeodo's Assorted Antiques.
  1110 | D:4      | Bought a scroll labeled DEUD LALEOLOXO for 24 gold pieces
  1110 | D:4      | Bought a scroll labeled ATAKHI AQIVO for 24 gold pieces
  1110 | D:4      | Bought a scroll labeled KYWUEJ ARGHEAPS for 24 gold pieces
  1110 | D:4      | Bought a sharpened wooden wand for 96 gold pieces
  1114 | D:4      | Reached skill level 2 in Fighting
  1130 | D:4      | Noticed a phantom
  1146 | D:4      | Killed a phantom
  1146 | D:4      | Reached skill level 3 in Fighting
  1146 | D:4      | Reached XP level 5. HP: 37/41 MP: 9/9
  1229 | D:4      | Noticed an ogre
  1271 | D:3      | Reached skill level 4 in Fighting
  1272 | D:3      | HP: 2/42 [ooze (2)]
  1272 | D:3      | Slain by a hobgoblin

Vault maps used:
D:1:      sevenhm_arrival_forest_fort_large_2, minmay_misc_feat_plants
D:3:      lemuel_coloured_pillars_altar, first_ration, bloody_trog
D:4:      minmay_wonky_spiral, marbit_many_paths, serial_glass, glass_columns_a,
          glass_columns_a, serial_shops, shop_coins, nicolae_shop_waterfront,
          kennysheep_mini_moat

Skill      XL: |  1  2  3  4  5 |
---------------+----------------+-----
Short Blades   | 1 2 3 |  3.1
Fighting       | 3 4 |  4.1
Dodging        | |  1.5
Stealth        | |  2.4
Spellcasting   | |  2.6
Hexes          | |  2.6

Action                   |  1- 3 |  4- 6 || total
-------------------------+-------+-------++-------
Melee: Dagger            |    71 |    20 ||    91
 Fire: Blowgun           |     4 |       ||     4
 Cast: Corona            |     6 |       ||     6
       Ensorcelled Hiber |    11 |    20 ||    31
Evoke: Wand              |       |     9 ||     9
  Use: Scroll            |       |     2 ||     2
 Stab: Sleeping          |    14 |    12 ||    26
Armor: Robe              |    18 |     3 ||    21
Dodge: Dodged            |    64 |    28 ||    92

Table legend:
 A = Spawn XP
 B = Non-spawn XP
 C = Spawn XP percentage of total XP
 D = Spawn monster count
 E = Non-spawn monster count
 F = Spawn count percentage of total count
 G = Total turns spent on level
                    A         B        C        D         E        F      G
               +---------+---------+-------+---------+---------+-------+---------
         Total |       0 |     336 |   0.0 |       0 |      41 |   0.0 |  1272
               +---------+---------+-------+---------+---------+-------+---------
           D:1 |       0 |      14 |   0.0 |       0 |      10 |   0.0 |   229
           D:2 |       0 |      28 |   0.0 |       0 |      10 |   0.0 |   255
           D:3 |       0 |     135 |   0.0 |       0 |      15 |   0.0 |   574
           D:4 |       0 |     159 |   0.0 |       0 |       6 |   0.0 |   214
               +---------+---------+-------+---------+---------+-------+---------

Vault maps used:
D:1:      sevenhm_arrival_forest_fort_large_2, minmay_misc_feat_plants
D:3:      lemuel_coloured_pillars_altar, first_ration, bloody_trog
D:4:      minmay_wonky_spiral, marbit_many_paths, serial_glass, glass_columns_a,
          glass_columns_a, serial_shops, shop_coins, nicolae_shop_waterfront,
          kennysheep_mini_moat
